 Dungeon Crawl Stone Soup version 0.28.0-43-g3370ac3207 (webtiles) character file.

Game seed: 12859448541657990818

53 CryoSword the Gusty (level 3, -4/19 HPs)
             Began as a Tengu Air Elementalist on Mar 10, 2022.
             Killed by nerve-wracking pain
             ... invoked by Jessica
              (8 damage)
             ... on level 2 of the Dungeon on Mar 11, 2022.
             The game lasted 00:03:40 (1672 turns).

CryoSword the Gusty (Tengu Air Elementalist)        Turns: 1672, Time: 00:03:41

Health: -4/19      AC:  2    Str: 10    XL:     3   Next: 87%
Magic:  1/7        EV: 12    Int: 15    God:
Gold:   99         SH:  0    Dex: 14    Spells: 5/6 levels left

rFire   . . .      SeeInvis .   f - +1 dagger (venom)
rCold   . . .      Faith    .   (no shield)
rNeg    . . .      Spirit   .   a - +0 robe
rPois   .          Reflect  .   (helmet restricted)
rElec   .          Harm     .   (no cloak)
rCorr   .          Rampage  .   (no gloves)
Will    .....                   (boots unavailable)
Stlth   ++........              (no amulet)
HPRegen 0.06/turn               (no ring)
MPRegen 0.10/turn               (no ring)

@: slowed, invisible, very slow
A: beak, talons 3
a: no special abilities


You were on level 2 of the Dungeon.
You visited 1 branch of the dungeon, and saw 2 of its levels.

You collected 99 gold pieces.

Inventory:

Hand Weapons
 f - a +1 dagger of venom (weapon)
   (You took it off a kobold on level 1 of the Dungeon)
Missiles
 h - 2 boomerangs
Armour
 a - a +0 robe (worn)
Scrolls
 d - a scroll of silence {unknown}
 g - a scroll of identify {unknown}
 i - a scroll of immolation {unknown}
Potions
 b - a potion of haste {unknown}
 c - a potion of mutation {unknown}


   Skills:
 - Level 2.1 Dodging
 + Level 2.7 Stealth
 - Level 2.0 Spellcasting
 + Level 2.4 Conjurations
 * Level 5.2 Air Magic


You had 5 spell levels left.
You knew the following spells:

 Your Spells              Type           Power      Damage    Failure   Level
a - Shock                 Conj/Air       52%        1d6       4%          1

Your spell library contained the following spells:

 Spells                   Type           Power      Damage    Failure   Level
 Static Discharge         Conj/Air       13%        N/A       7%          2
 Swiftness                Air            17%        N/A       8%          3
 Airstrike                Air            8%         N/A       26%         4


Dungeon Overview and Level Annotations

Branches:
Dungeon (2/15)

Altars:

Annotations:
D:1 1 runed translucent door
D:2 Jessica


Innate Abilities, Weirdness & Mutations

You have a beak for a mouth.
You have claws for feet.


Message History

Nothing appears to happen.
Aim: a kobold, wielding a +0 dagger (severely wounded, 60% to hit)
The zap hits the kobold.
You kill the kobold!
Your magical contamination has completely faded away.
You now have 79 gold pieces (gained 6).
Things that are here:
a +0 dagger; a kobold corpse A ball python comes into view.
A ball python is nearby!
Aim: a ball python (wandering, hasn't noticed you, 64% to hit)
The zap hits the ball python.
You kill the ball python!
That beam is likely to hit you.
Continue anyway? [Y]es or [N]o only, please.
That beam is likely to hit you.
Continue anyway? [Y]es or [N]o only, please.
That beam is likely to hit you.
Continue anyway? [Y]es or [N]o only, please.
That beam is likely to hit you.
Continue anyway? [Y]es or [N]o only, please.
That beam is likely to hit you.
Continue anyway?
Okay, then.
Unknown command.
A kobold comes into view. It is wielding a +0 dagger.
The kobold shouts!
A kobold is nearby!
Aim: a kobold, wielding a +0 dagger (60% to hit)
The zap hits the kobold.
You kill the kobold!
A bat comes into view.
Aim: a bat (52% to hit)
The zap misses the bat.
Aim: a bat (52% to hit)
The zap misses the bat.
The bat barely misses you.
Aim: a bat (52% to hit)
The zap hits the bat.
The bat barely misses you.
Aim: a bat (heavily wounded, 52% to hit)
The zap hits the bat.
You kill the bat!
You see here a ball python corpse.
A hobgoblin comes into view.
A hobgoblin is nearby!
A hobgoblin is nearby!
Aim: a hobgoblin (wandering, hasn't noticed you, 68% to hit)
The zap hits the hobgoblin.
The hobgoblin shouts!
Aim: a hobgoblin (severely wounded, 68% to hit)
The zap hits the hobgoblin.
You kill the hobgoblin!
A goblin comes into view. It is wielding a +0 dagger.
A goblin is nearby!
A goblin is nearby!
Aim: a goblin, wielding a +0 dagger (asleep, 100% to hit)
The zap hits the goblin.
Aim: a goblin, wielding a +0 dagger (heavily wounded, 60% to hit)
The zap hits the goblin.
You kill the goblin!
A frilled lizard comes into view.
A frilled lizard is nearby!
A frilled lizard is nearby!
Aim: a frilled lizard (asleep, 100% to hit)
The zap hits the frilled lizard.
The frilled lizard hisses angrily.
Aim: a frilled lizard (heavily wounded, 48% to hit)
The zap hits the frilled lizard.
You kill the frilled lizard!
Found a dagger.
Things that are here:
a +0 dagger; a goblin corpse
Found a stone staircase leading down.
g - a scroll labelled WOMUADUPPO
Found a robe.
A rat comes into view.
Aim: a rat (68% to hit)
The zap hits the rat.
You kill the rat!
Okay, then.
Found a stone staircase leading down.
h - 2 boomerangs An endoplasm comes into view.
Found 18 gold pieces.
An endoplasm is nearby!
An endoplasm is nearby!
Aim: an endoplasm (asleep, 100% to hit)
The zap hits the endoplasm.
The endoplasm quivers.
Aim: an endoplasm (almost dead, 97% to hit)
The zap hits the endoplasm.
You kill the endoplasm!
A bat and a kobold come into view.
Found 2 gold pieces.
The kobold shouts!
The kobold throws a stone.
The stone hits you.
There are monsters nearby!
There are monsters nearby!
Aim: a bat (52% to hit)
The zap hits the bat.
You kill the bat!
Aim: a kobold, wielding a +0 dagger and quivering stones (60% to hit)
The zap hits the kobold.
You kill the kobold!
You now have 97 gold pieces (gained 18).
Things that are here:
a +0 dagger; 5 stones; a kobold corpse
i - a scroll labelled TULOLLO JO IXANODO You now have 99 gold pieces (gained 2).
An endoplasm comes into view.
The endoplasm quivers.
An endoplasm is nearby!
Aim: an endoplasm (97% to hit)
The zap hits the endoplasm.
Aim: an endoplasm (moderately wounded, 97% to hit)
The zap hits the endoplasm.
Aim: an endoplasm (heavily wounded, 97% to hit)
The zap hits the endoplasm.
You kill the endoplasm!
Jessica the Apprentice Sorceress comes into view.
She is wielding a +0 club.
Unknown command.
Aim: Jessica, wielding a +0 club and wearing a +0 robe (asleep, 100% to hit)
The zap hits Jessica.
Jessica shouts!
Aim: Jessica, wielding a +0 club and wearing a +0 robe (moderately wounded, 68% to hit)
The zap hits Jessica.
Aim: Jessica, wielding a +0 club and wearing a +0 robe (heavily wounded, 68% to hit)
The zap misses Jessica.
A ball python comes into view.
Aim: Jessica, wielding a +0 club and wearing a +0 robe (heavily wounded, 68% to hit)
The zap hits Jessica.
The ball python hisses angrily.
Jessica drinks a potion.
Jessica flickers and vanishes!
Deactivating autopickup; reactivate with Ctrl-A.
You feel yourself slow down.
You hear some strange, mumbled words.
Aim: a ball python (64% to hit)
The zap hits the ball python.
The zap hits something.
The ball python bites you but does no damage.
The ball python barely misses you.
You hit the ball python.
You kill the ball python!
Something hits you. Something hits you. x2
* * * LOW HITPOINT WARNING * * *
Something hits you.
* * * LOW HITPOINT WARNING * * *
You fade into invisibility!
You hear some strange, mumbled words.
Pain shoots through your body!
You die...

......#.#...............
†...).............. ....
.................##......
[................##........
.................##.......#
.....(....................# #.
.###<................#....# ...
..####......####.....#....##.#.
..####......####@....#......... #
........................>........
..########.#.....##.............#
.......#...#.....####....######.#
.......#...#.....####..†.........
.......#.........................
.......#..†......................
.......#............[............
.......##......).#####...........


There were no monsters in sight!

Vanquished Creatures
  A dart slug (D:1)
  5 ball pythons
  6 endoplasms
  4 giant cockroaches (D:1)
  3 goblins
  4 hobgoblins
  2 jackals (D:1)
  10 kobolds
  5 bats
  A frilled lizard (D:2)
  4 rats
45 creatures vanquished.

Notes
Turn   | Place    | Note
-------+----------+-------------------------------------------
     0 | D:1      | CryoSword the Tengu Air Elementalist began the quest for
                  | the Orb.
     0 | D:1      | Reached XP level 1. HP: 10/10 MP: 4/4
     0 | D:1      | Noticed a jelly
     0 | D:1      | Noticed a jelly
     1 | D:1      | Found a runed translucent door.
   228 | D:1      | Reached XP level 2. HP: 15/15 MP: 4/6
   712 | D:1      | Reached XP level 3. HP: 19/19 MP: 4/7
   925 | D:1      | Found a faded altar of an unknown god.
   967 | D:1      | Reached skill level 5 in Air Magic
  1658 | D:2      | Noticed Jessica
  1672 | D:2      | Killed from afar by Jessica

Illustrated notes

Levels and vault maps discovered:
D:1:      dpeg_arrival_caged_fury, layout_loops_ring,
          ebering_ecumenical_altar_ruins, minmay_tripent
D:2:      layout_basic, basic_altar, uniq_jessica

Skill      XL: |  1  2  3 |
---------------+----------+-----
Conjurations   | 2 |  2.4
Air Magic      | 5 |  5.2
Dodging        | |  2.1
Stealth        | |  2.7
Spellcasting   | |  2.0

Action                   || total
-------------------------++-------
Melee: Unarmed           ||     3
       Peck              ||     3
       Dagger            ||     9
 Cast: Shock             ||    85
  Use: Potion            ||     1
 Stab: Sleeping          ||     1
Armor: Robe              ||     3
Dodge: Dodged            ||    18
